 Dungeon Crawl Stone Soup version 0.29-a0-845-g6161e89988 (webtiles) character file.

Game seed: 10605714364808681864

76 spaghetti the Shooter (level 4, -2/35 HPs)
             Began as a Demonspawn Wanderer on July 15, 2022.
             Was a Follower of Jiyva.
             Slain by a black bear (5 damage)
             ... on level 4 of the Dungeon.
             The game lasted 00:01:49 (1210 turns).

spaghetti the Shooter (Demonspawn Wanderer)         Turns: 1210, Time: 00:01:50

Health: -2/35      AC:  4    Str: 10    XL:     4   Next: 12%
Magic:  5/5        EV: 11    Int: 15    God:    Jiyva [*.....]
Gold:   100        SH:  0    Dex: 21    Spells: 4/5 levels left

rFire   . . .      SeeInvis .   a - +3 sling
rCold   . . .      Faith    .   (no shield)
rNeg    . . .      Spirit   .   c - +0 robe
rPois   .          Reflect  .   (no helmet)
rElec   .          Harm     .   (no cloak)
rCorr   .          Rampage  .   (no gloves)
Will    .....                   (no boots)
Stlth   ++........              (no amulet)
HPRegen 0.91/turn               g - +6 ring of dexterity
MPRegen 0.43/turn               (no ring)

@: no status effects
A: icy blue scales 1, magic regeneration
a: Renounce Religion


You were on level 4 of the Dungeon.
You worshipped Jiyva.
Jiyva was aware of your devotion.
You visited 1 branch of the dungeon, and saw 3 of its levels.

You collected 100 gold pieces.


Innate Abilities, Weirdness & Mutations

You are partially covered in icy blue scales. (AC +2)
You regenerate magic rapidly.


   Skills:
 - Level 3.0 Fighting
 + Level 5.2 Ranged Weapons
 - Level 1.0 Stealth
 - Level 1.0 Spellcasting
 - Level 1.0 Hexes


You had 4 spell levels left.
You knew the following spells:

 Your Spells              Type           Power      Damage    Failure   Level
a - Slow                  Hex            12%        N/A       16%         1

Your spell library contained the following spells:

 Spells                   Type           Power      Damage    Failure   Level
 Portal Projectile        Hex/Tloc       4%         N/A       52%         3

Inventory:

Hand Weapons
 a - a +3 sling (weapon)
 p - a +0 hand axe of electrocution {axe}
   (You took it off a hobgoblin on level 2 of the Dungeon)
Missiles
 f - 4 poisoned darts {throwing}
 k - 12 stones {throwing}
Armour
 c - a +0 robe (worn)
Magical Staves
 o - a staff of cold {!astaff}
   (You took it off a goblin on level 2 of the Dungeon)
Jewellery
 g - a +6 ring of dexterity (left hand)
   (You found it on level 1 of the Dungeon)
Wands
 n - a wand of mindburst (7)
   (You found it on level 2 of the Dungeon)
Scrolls
 d - a scroll of identify {unknown}
 h - a scroll of amnesia {unknown}
 j - a scroll of enchant weapon {unknown}
 l - 3 scrolls of teleportation {unknown}
Potions
 b - a potion of lignification {!q}
 e - a potion of ambrosia {unknown}
 i - 2 potions of haste {unknown}
 m - a potion of curing {unknown}

Dungeon Overview and Level Annotations

Branches:
Dungeon (4/15) Zot: 16776
 Temple: D:4-7

Altars:
Qazlal
Jiyva

#####
#...########
#.>.'......
#...####.####
#............
##+##@.......
+h.......
#........
#........
#........
#).......
#........
#........


You could see a black bear (berserk).


Message History

A kobold comes into view. It is wielding a +0 dagger.
A kobold is nearby!
A kobold is nearby!
You shoot a sling bullet. The sling bullet misses the kobold.
The kobold shouts!
You shoot a sling bullet. The sling bullet hits the kobold.
You kill the kobold!
You hear a distant slurping noise.
No target in view!
No target in view!
No target in view!
No target in view!
No target in view!
No target in view!
No target in view!
No target in view!
No target in view!
No target in view!
No target in view!
No target in view!
No target in view!
No target in view!
No target in view!
A black bear comes into view.
The black bear growls angrily.
You see here a +0 spear {polearm}.
A black bear is nearby!
A black bear is nearby!
You shoot a sling bullet. The sling bullet hits the black bear.
You hear a distant slurping noise.
You shoot a sling bullet.
The sling bullet barely misses the black bear.
You shoot a sling bullet. The sling bullet hits the black bear.
You hear a distant slurping noise.
You shoot a sling bullet. The sling bullet hits the black bear.
You shoot a sling bullet. The sling bullet hits the black bear.
The black bear bites you! The black bear claws you. x2
You are too injured to fight recklessly! 😮 HP[-11]
You take 11 damage, and now have 24/35 hp.
MASSIVE DAMAGE!! (PAUSE) Fire: a) +3 sling
Press: ? - help, Q - select action, (/) - cycle Shift-Dir - straight line, f/p - black bear
Aim: a black bear (heavily wounded, 72% to hit)
You shoot a sling bullet. The sling bullet hits the black bear.
The black bear bites you.
The black bear claws you but does no damage. x2
Fire: a) +3 sling
Press: ? - help, Q - select action, (/) - cycle Shift-Dir - straight line, f/p - black bear
Aim: a black bear (severely wounded, 72% to hit)
You shoot a sling bullet.
The sling bullet hits the black bear but does no damage.
The black bear barely misses you. The black bear closely misses you.
The black bear claws you but does no damage. 😮 HP[+1] Fire: a) +3 sling
Press: ? - help, Q - select action, (/) - cycle Shift-Dir - straight line, f/p - black bear
Aim: a black bear (severely wounded, 72% to hit)
You shoot a sling bullet. The sling bullet hits the black bear.
The black bear goes berserk!
The black bear bites you but does no damage.
The black bear claws you but does no damage. x2 😮 HP[+1] Fire: a) +3 sling
Press: ? - help, Q - select action, (/) - cycle Shift-Dir - straight line, f/p - black bear
Aim: a black bear (almost dead, berserk, 72% to hit)
You shoot a sling bullet.
The sling bullet closely misses the black bear.
The black bear completely misses you. The black bear claws you. x2 😮 HP[-6]
You take 6 damage, and now have 20/35 hp.
Fire: a) +3 sling
Press: ? - help, Q - select action, (/) - cycle Shift-Dir - straight line, f/p - black bear
Aim: a black bear (almost dead, berserk, 72% to hit)
You shoot a sling bullet.
The sling bullet barely misses the black bear.
The black bear bites you.
* * * LOW HITPOINT WARNING * * *
The black bear closely misses you. The black bear claws you.
* * * LOW HITPOINT WARNING * * *
The black bear barely misses you.
The black bear claws you but does no damage.
The black bear claws you.
* * * LOW HITPOINT WARNING * * *
😨 HP[-10]
You take 10 damage, and now have 10/35 hp.
MASSIVE DAMAGE!! (PAUSE) Fire: a) +3 sling
Press: ? - help, Q - select action, (/) - cycle Shift-Dir - straight line, f/p - black bear
Aim: a black bear (almost dead, berserk, 72% to hit)
You shoot a sling bullet.
The sling bullet closely misses the black bear.
The black bear misses you. The black bear claws you.
* * * LOW HITPOINT WARNING * * *
The black bear claws you but does no damage.
The black bear bites you.
* * * LOW HITPOINT WARNING * * *
The black bear claws you but does no damage.
The black bear claws you.
You die...

Skill      XL: |  1  2  3 |
---------------+----------+-----
Ranged Weapons | 4 5 |  5.2
Fighting       | |  3.0
Stealth        | |  1.0
Spellcasting   | |  1.0
Hexes          | |  1.0

Action                   |  1- 3 |  4- 6 || total
-------------------------+-------+-------++-------
Melee: Hand axe          |     8 |       ||     8
 Fire: Sling             |    51 |    16 ||    67
 Cast: Slow              |     3 |       ||     3
Armor: Robe              |     2 |     9 ||    11
Dodge: Dodged            |    13 |     6 ||    19

Levels and vault maps discovered:
D:1:      psy_arrival_terrarium, layout_basic, basic_ecumenical_altar
D:2:      minmay_kobold_bridge, layout_rooms, basic_altar
D:4:      layout_basic

Notes
Turn   | Place    | Note
-------+----------+-------------------------------------------
     0 | D:1      | spaghetti the Demonspawn Wanderer began the quest for the
                  | Orb.
     0 | D:1      | spaghetti set off with the following items: a +3 sling, a
                  | potion of lignification {!q}, a +0 robe; and the following
                  | spell memorised: Slow; and the following spells available
                  | to memorise: Portal Projectile.
     0 | D:1      | Reached XP level 1. HP: 18/18 MP: 2/2
     0 | D:1      | magus.rc [v1.9.6]
   501 | D:1      | Found a faded altar of an unknown god.
   549 | D:1      | Prayed at the altar of an unknown god.
   549 | D:1      | Became a worshipper of Jiyva Jiucli the Shapeless
   549 | D:1      | Reached * piety under Jiyva
   714 | D:1      | Reached skill level 4 in Ranged Weapons
   769 | D:1      | Gained mutation: You regenerate magic rapidly. [demonic
                  | ancestry]
   769 | D:1      | Reached XP level 2. HP: 24/24 MP: 3/3
  1018 | D:2      | Found a stormy altar of Qazlal.
  1173 | D:2      | Reached XP level 3. HP: 23/29 MP: 4/4
  1176 | D:2      | You fall into a shaft and drop 2 floors!
  1191 | D:4      | Reached skill level 5 in Ranged Weapons
  1191 | D:4      | Gained mutation: You are partially covered in icy blue
                  | scales. (AC +2) [demonic ancestry]
  1191 | D:4      | Reached XP level 4. HP: 35/35 MP: 5/5
  1199 | D:4      | Noticed a black bear
  1210 | D:4      | HP: 3/35 [black bear (6)]
  1210 | D:4      | Slain by a black bear

Vanquished Creatures
  A howler monkey (D:4)
  An adder (D:2)
  A worm (D:2)
  5 hobgoblins
  2 quokkas (D:1)
  4 ball pythons
  A bat (D:1)
  3 frilled lizards
  3 goblins (D:2)
  4 kobolds
  2 rats
27 creatures vanquished.

Vanquished Creatures (others)
  An adder (D:4)
  An endoplasm (D:2)
  A giant cockroach (D:4)
  2 hobgoblins
  A rat (D:1)
6 creatures vanquished.

Grand Total: 33 creatures vanquished

Table legend:
 A = Non-vault XP
 B = Vault XP
 C = Vault XP percentage of total XP
 D = Non-vault monster count
 E = Vault monster count
 F = Vault count percentage of total count
                 A         B        C        D         E       F
            +---------+---------+-------+---------+---------+-------
      Total |     109 |       0 |   0.0 |      27 |       0 |   0.0
            +---------+---------+-------+---------+---------+-------
        D:1 |      17 |       0 |   0.0 |      12 |       0 |   0.0
        D:2 |      35 |       0 |   0.0 |      12 |       0 |   0.0
        D:4 |      57 |       0 |   0.0 |       3 |       0 |   0.0
            +---------+---------+-------+---------+---------+-------

Illustrated notes

Table legend:
 A = Kills in this place as a percentage of kills in entire the game.
 B = Kills by you in this place as a percentage of kills by you in the entire game.
 C = Kills by friends in this place as a percentage of kills by friends in the entire game.
 D = Other kills in this place as a percentage of other kills in the entire game.
 E = Experience gained in this place as a percentage of experience gained in the entire game.
 F = Experience gained in this place divided by the number of levels of this place that you have seen.
                   A       B       C       D       E      F
               +-------+-------+-------+-------+-------+----------------------
         Total | 100.0 | 100.0 |   N/A |   N/A | 100.0 |  36.3
       Dungeon | 100.0 | 100.0 |   N/A |   N/A | 100.0 |  36.3
               +-------+-------+-------+-------+-------+----------------------

Table legend: (Time is in decaauts)
 A = Elapsed time spent in this place.
 B = Non-inter-level travel time spent in this place.
 C = Inter-level travel time spent in this place.
 D = Time resting spent in this place.
 E = Time spent auto-exploring this place.
 F = Levels seen in this place.
 G = Mean time per level.
                   A        B        C        D        E       F      G
               +--------+--------+--------+--------+--------+-----+--------+
         Total |   1222 |   1184 |     38 |      0 |   1046 |   3 |  407.3 |
       Dungeon |   1222 |   1184 |     38 |      0 |   1046 |   3 |  407.3 |
               +--------+--------+--------+--------+--------+-----+--------+

Top non-repeatable levels by time:
     D:1: 1018 daAuts
     D:2: 167 daAuts
     D:4: 36 daAuts
